 Dungeon Crawl Stone Soup version 0.30-a0-1050-g2766ea1e55 (webtiles) character file.

Game seed: 5161269515239802664

130 Conn the Firebug (level 5, -2/31 HPs)
             Began as an Octopode Fire Elementalist on Apr 10, 2023.
             Slain by a gnoll
             ... wielding a +0 spear
              (6 damage)
             ... on level 3 of the Dungeon.
             The game lasted 00:05:16 (2778 turns).

Conn the Firebug (Octopode Fire Elementalist)       Turns: 2778, Time: 00:05:20

Health: -2/31      AC:  1    Str:  7    XL:     5   Next: 13%
Magic:  0/10       EV: 13    Int: 19    God:
Gold:   54         SH:  0    Dex: 19    Spells: 4/10 levels left

rFire   . . .      SeeInvis +    a - staff of conjuration
rCold   . . .      Faith    +    (no shield)
rNeg    . . .      Spirit   .    (helmet restricted)
rPois   .          Reflect  .    q - amulet of faith
rElec   .          Rampage  .    e - ring of see invisible
rCorr   .                        j - +6 ring of dexterity
Will    .....                    (no ring)
Stlth   ++++                     (no ring)
HPRegen 0.25/turn                (no ring)
MPRegen 0.12/turn                (no ring)
                                 (no ring)
                                 (no ring)

@: no status effects
A: almost no armour, amphibious, 8 rings, camouflage 1, gelatinous body 1,
(nimble swimmer 1), tentacles
a: no special abilities


You were on level 3 of the Dungeon.
You visited 1 branch of the dungeon, and saw 3 of its levels.

You collected 54 gold pieces.

Inventory:

Hand Weapons
 b - a +2 vampiric short sword
Missiles
 g - 6 poisoned darts
Armour
 l - a +0 kite shield
Magical Staves
 a - a staff of conjuration (weapon)
Jewellery
 e - a ring of see invisible (left tentacle)
 j - a +6 ring of dexterity (right tentacle)
 q - an amulet of faith (around mantle)
Scrolls
 c - a scroll of poison {unknown}
 d - a scroll of immolation
 h - a scroll of enchant weapon {unknown}
 i - a scroll of blinking {unknown}
 k - a scroll of magic mapping {unknown}
 m - a scroll of vulnerability {unknown}
 r - 2 scrolls of identify {unknown}
 s - a scroll of teleportation {unknown}
 u - 2 scrolls of amnesia {unknown}
Potions
 f - a potion of magic
 n - a potion of heal wounds {unknown}
 o - a potion of might
 p - a potion of ambrosia {unknown}
 t - a potion of invisibility {unknown}


   Skills:
 + Level 0.2 Fighting
 + Level 0.5 Staves
 + Level 2.0 Dodging
 + Level 3.2 Stealth
 * Level 3.4 Spellcasting
 * Level 1.8 Conjurations
 + Level 4.0 Fire Magic


You had 4 spell levels left.
You knew the following spells:

 Your Spells              Type           Power      Damage    Failure   Level
a - Foxfire               Conj/Fire      84%        2x1d8     4%          1
b - Scorch                Fire           36%        2d7       4%          2
c - Inner Flame           Hex/Fire       10%        N/A       19%         3

Your spell library contained the following spells:

 Spells                   Type           Power      Damage    Failure   Level
 Volatile Blastmotes      Fire/Tloc      20%        2d11      19%         3
 Flame Wave               Conj/Fire      21%        2d8       41%         4


Dungeon Overview and Level Annotations

Branches:
Dungeon (3/15)

Altars:


Innate Abilities, Weirdness & Mutations

You cannot wear most types of armour.
You are amphibious.
You can wear up to eight rings at the same time.
Your skin changes colour to match your surroundings (Stealth+).
Your rubbery body absorbs attacks. (AC +1, EV +1)
((You are camouflaged when in or above water. (Stealth+)))
You have tentacles for arms and can constrict up to eight enemies at once.


Message History

The gnoll is heavily wounded.
The gnoll's fire resistance burns away.
You hear a shout!
The gnoll shouts!
Unknown command.
Casting: Scorch (safe; 4% risk of failure)
Confirm with . or Enter, or press ? or * to list all spells.
Flames lash the gnoll.
The gnoll is burned terribly!
You kill the gnoll!
Casting: Scorch (safe; 4% risk of failure)
Confirm with . or Enter, or press ? or * to list all spells.
The spell is quite dangerous to miscast (19% risk of failure)!
Continue anyway?
Aiming: Inner Flame (quite dangerous; 19% risk of failure)
Press: ? - help, Dir - move target, f - gnoll
Aim: a gnoll, wielding a +0 spear (chance to affect: 68%)
The gnoll is filled with an inner flame.
Casting: Inner Flame (quite dangerous; 19% risk of failure)
Confirm with . or Enter, or press ? or * to list all spells.
Flames lash the gnoll.
The gnoll is heavily wounded.
The gnoll's fire resistance burns away.
Casting: Scorch (safe; 4% risk of failure)
Confirm with . or Enter, or press ? or * to list all spells.
You miscast Scorch.
You are very lightly contaminated with residual magic.
Nothing appears to happen.
The gnoll barely misses you. The gnoll closely misses you.
The gnoll attacks as you move away! The gnoll hits you with a +0 flail.
The gnoll is no longer more vulnerable to fire.
The gnoll attacks as you move away! The gnoll hits you with a +0 flail.
The gnoll attacks as you move away! The gnoll barely misses you.
Your magical contamination has completely faded away.
The gnoll attacks as you move away! The gnoll hits you with a +0 flail!
Casting: Scorch (safe; 4% risk of failure)
Confirm with . or Enter, or press ? or * to list all spells.
Flames lash the gnoll.
The gnoll is heavily wounded.
The gnoll's fire resistance burns away.
The gnoll hits you with a +0 flail!
* * * LOW HITPOINT WARNING * * *
The gnoll hits you from afar with a +0 spear.
You die...

##############.##
### ##...## #..
#...(.# #.# ####
#.....# #.# g..#
######.#.#.# #.#
#..###g......#.#.#
#.# g..g.<.#
#####.#g# #.#
......[# #.#g#
#######.# .......#
#.#@# #........
.......# #...#
#........ ......##
###.########..####.#
......#
#.......>....)....
.[....#
#.#.######..###..#
....... .....#
.........# ###.###
##§.###..# #.# #§.#
#..# ..# #§§# #..#


You could see 2 gnolls.

Vanquished Creatures
  An orc wizard (D:3)
  A gnoll (D:3)
  3 adders (D:2)
  2 worms
  A dart slug (D:2)
  3 orcs (D:3)
  7 endoplasms
  A giant cockroach (D:2)
  3 goblins
  4 hobgoblins (D:2)
  3 jackals (D:1)
  3 quokkas
  6 ball pythons
  3 bats
  A frilled lizard (D:1)
  5 kobolds
  9 rats
56 creatures vanquished.

Vanquished Creatures (collateral kills)
  2 foxfires (D:1)
2 creatures vanquished.

Vanquished Creatures (others)
  160 foxfires
160 creatures vanquished.

Grand Total: 218 creatures vanquished

Notes
Turn   | Place    | Note
-------+----------+-------------------------------------------
     0 | D:1      | Conn the Octopode Fire Elementalist began the quest for the
                  | Orb.
     0 | D:1      | Reached XP level 1. HP: 11/11 MP: 3/3
   316 | D:1      | Reached XP level 2. HP: 17/17 MP: 1/5
   401 | D:1      | Found a faded altar of an unknown god.
   985 | D:1      | Learned a level 2 spell: Scorch
  1363 | D:2      | Reached XP level 3. HP: 21/21 MP: 2/6
  1868 | D:2      | Reached XP level 4. HP: 27/27 MP: 3/8
  2050 | D:2      | Reached skill level 4 in Fire Magic
  2446 | D:3      | Learned a level 3 spell: Inner Flame
  2650 | D:3      | Reached XP level 5. HP: 31/31 MP: 5/9
  2778 | D:3      | Slain by a gnoll

Illustrated notes

Levels and vault maps discovered:
D:1:      dpeg_arrival_water_fire, layout_basic,
          hellmonk_ecumenical_altar_blasted
D:2:      minmay_diamond_boxcup, layout_basic
D:3:      layout_loops_ring, kennysheep_flooded_box

Skill      XL: |  1  2  3  4 |
---------------+-------------+-----
Stealth        | 3 |  3.2
Fire Magic     | 4 |  4.0
Spellcasting   | 3 |  3.4
Fighting       | |  0.2
Staves         | |  0.5
Dodging        | |  2.0
Conjurations   | |  1.8

Action                     |  1- 3 |  4- 6 || total
---------------------------+-------+-------++-------
  Melee: Staff             |    24 |    12 ||    36
         Tentacles         |     7 |     3 ||    10
         Constrict         |     6 |     4 ||    10
         Short sword       |       |     5 ||     5
         Punch             |       |     1 ||     1
   Cast: Foxfire           |    68 |    30 ||    98
         Scorch            |       |     5 ||     5
         Inner Flame       |       |     2 ||     2
    Use: Potion            |       |     2 ||     2
   Stab: Sleeping          |     4 |       ||     4
 Armour: Skin              |     4 |     1 ||     5
  Dodge: Dodged            |    17 |    16 ||    33

Table legend: (Time is in decaauts)
 A = Elapsed time spent in this place.
 B = Non-inter-level travel time spent in this place.
 C = Inter-level travel time spent in this place.
 D = Time resting spent in this place.
 E = Time spent auto-exploring this place.
 F = Levels seen in this place.
 G = Mean time per level.
                   A        B        C        D        E       F      G
               +--------+--------+--------+--------+--------+-----+--------+
         Total |   2783 |   2692 |     91 |    102 |   1954 |   3 |  927.7 |
       Dungeon |   2783 |   2692 |     91 |    102 |   1954 |   3 |  927.7 |
               +--------+--------+--------+--------+--------+-----+--------+

Top non-repeatable levels by time:
     D:1: 1289 daAuts
     D:2: 1135 daAuts
     D:3: 358 daAuts
